 Dungeon Crawl Stone Soup version 0.19.0-24-gb05acd6 (webtiles) character file.

8351 Ice the Nimble (level 11, -11/136 HPs)
             Began as a Minotaur Berserker on Nov 22, 2016.
             Was a High Priest of Trog.
             Mangled by Gastronok (12 damage)
             ... on level 2 of the Lair of Beasts.
             The game lasted 01:16:52 (8951 turns).

Ice the Nimble (Minotaur Berserker)                 Turns: 8951, Time: 01:16:53

Health: -11/136    AC: 22    Str: 33    XL:     11   Next: 8%
Magic:  3/3        EV: 12    Int:  4    God:    Trog [*****.]
Gold:   357        SH: 12    Dex: 12    Spells: 0 memorised, 10 levels left

rFire  + . .     SeeInvis .     U - +3 broad axe (antimagic)
rCold  . . .     Gourm    .     K - +1 chain mail {rF+}
rNeg   . . .     Faith    .     I - +1 shield
rPois  +         Spirit   .     (helmet restricted)
rElec  .         Reflect  .     g - +2 cloak {rPois}
rCorr  .         Harm     +     u - +2 pair of gloves
MR     .....                    t - +0 pair of boots
Stlth  ..........               j - amulet of harm
                                H - +4 ring of protection
                                Y - +5 ring of strength

@: berserking, very quick
A: retaliatory headbutt, horns 2
a: Berserk, Trog's Hand, Brothers in Arms, Burn Spellbooks, Renounce Religion


You were on level 2 of the Lair of Beasts.
You worshipped Trog.
Trog was extremely pleased with you.
You were very hungry.

You visited 3 branches of the dungeon, and saw 11 of its levels.
You also visited: Ossuary.

You collected 428 gold pieces.
You spent 71 gold pieces at shops.

Inventory:

Hand Weapons
 a - a +1 spear of venom
 w - a +0 hunting sling
 F - a +0 blowgun
 U - a +3 antimagic broad axe (weapon)
 X - a +0 shortbow
 Z - a +0 scimitar of holy wrath
Missiles
 d - 39 sling bullets
 h - 4 needles of frenzy
 i - 269 stones (quivered)
 s - 5 poisoned javelins
 y - 252 arrows
 C - 42 poisoned needles
 L - 4 poisoned tomahawks
 R - 79 bolts
 T - 14 tomahawks
Armour
 g - a +2 cloak of poison resistance (worn)
 t - a +0 pair of boots (worn)
 u - a +2 pair of gloves (worn)
 I - a +1 shield (worn)
 K - a +1 chain mail of fire resistance (worn)
Jewellery
 j - an amulet of harm (around neck)
 H - a +4 ring of protection (right hand)
 Y - a +5 ring of strength (left hand)
Wands
 b - a wand of lightning (4/15)
 m - a wand of slowing (33/48)
Scrolls
 e - 3 scrolls of immolation
 f - 2 scrolls of enchant weapon {unknown}
 l - a scroll of fog {unknown}
 n - a scroll of magic mapping {unknown}
 o - 2 scrolls of fear
 G - a scroll of noise {unknown}
 J - 3 scrolls of recharging {unknown}
 M - a scroll of remove curse
 N - a scroll of torment {unknown}
 O - 4 scrolls of teleportation
 Q - a scroll of brand weapon {unknown}
 W - a scroll of random uselessness {unknown}
Potions
 k - a potion of berserk rage {unknown}
 p - a potion of flight {unknown}
 q - 2 potions of agility {unknown}
 r - 8 potions of curing
 v - a potion of lignification {unknown}
 x - 2 potions of haste
 z - a potion of mutation {unknown}
 A - 3 potions of heal wounds
 E - 3 potions of ambrosia
 P - a potion of magic {unknown}
Books
 D - a book of Conjurations

   Spells                             Type                      Level
   a - Magic Dart                     Conjuration                  1
   b - Searing Ray                    Conjuration                  2
   c - Dazzling Spray                 Conjuration/Hexes            3
   d - Fulminant Prism                Conjuration/Hexes            4
   e - Iskenderun's Mystic Blast      Conjuration                  4
   f - Iskenderun's Battlesphere      Conjuration/Charms           5
   Trog disapproves of the use of such an item.
 V - a book of Party Tricks

   Spells                             Type                      Level
   a - Summon Butterflies             Summoning                    1
   b - Apportation                    Translocation                1
   c - Lesser Beckoning               Translocation                3
   d - Tukima's Dance                 Hexes                        3
   e - Alistair's Intoxication        Transmutation/Poison         5
   f - Invisibility                   Hexes                        6
   Trog disapproves of the use of such an item.
Comestibles
 c - 4 bread rations
 B - 6 meat rations
 S - 11 chunks of flesh


   Skills:
 + Level 6.4 Fighting
 - Level 8.7(10.0) Axes
   Level 5.0(7.5) Maces & Flails
 - Level 5.9(8.2) Polearms
 - Level 3.8(5.3) Slings
 - Level 5.0(5.6) Throwing
 - Level 5.0 Armour
 - Level 10.1 Dodging
 - Level 5.1 Stealth
 - Level 5.1 Shields


You had 10 spell levels left.
You didn't know any spells.

Dungeon Overview and Level Annotations

Branches:
Dungeon (8/15)             Temple (1/1) D:5            Lair (2/6) D:8
 Spider (0/4) Lair:2
  Swamp: Lair:2-4    Shoals: Lair:2-4

Altars:
Ashenzari
Cheibriados
Dithmenos
Elyvilon
Fedhas
Gozag
Hepliaklqana
Kikubaaqudgha
Makhleb
Nemelex Xobeh
Okawaru
Qazlal
Ru
Sif Muna
Trog
Uskayaw
Xom
Yredelemnul
Zin
The Shining One

Shops:
D:5 (   D:7 :

Annotations:
Lair:2 Gastronok


Innate Abilities, Weirdness & Mutations

You reflexively headbutt those who attack you in melee.
You have a pair of horns on your head.


Message History

The rat's corpse disappears in a puff of smoke!
Gastronok bites you!!
* * * LOW HITPOINT WARNING * * *
You slash Gastronok!
Gastronok's magic leaks into the air.
You headbutt Gastronok.
Gastronok is moderately wounded.
A red film seems to cover your vision as you go berserk!
You feel yourself moving faster!
You feel mighty!
You are feeling very hungry.
Gastronok waves his eye-stalks in wide circles.
The air twists around and strikes you!
* * * LOW HITPOINT WARNING * * *
You slice Gastronok!!
Gastronok's magic leaks into the air.
Gastronok is heavily wounded.
Gastronok looks more healthy.
You slice Gastronok!!
Gastronok's magic leaks into the air.
You headbutt Gastronok.
Gastronok is severely wounded.
Gastronok bites you!
You die...

.#..#.##.. .#.....#.w#
.#.## # #.......#...##
..># .#.......P..#.
.... .........Pr.r
..... . #.......+.l#
..#..##...#.......#..#
...##.............#..#
..P.##.P...#..#.#....#
................@w...##
................†.....#
.....................##
>....................##
.....................P#
.##..##...............#
.#####...............##
.#####.....#.#..P#...P#
.#..###......#.####..P#


You could see Gastronok.

Vanquished Creatures
  The ghost of BluefootFox the Basher, a novice DsAK of Lugonu (Lair:2)
  Maurice (D:8)
  A spiny frog (Lair:1)
  2 komodo dragons (Lair:2)
  4 blink frogs
  A hippogriff (Lair:2)
  3 yaks (Lair:1)
  A wyvern (Lair:2)
  Eustachio (D:4)
  2 steam dragons
  2 water moccasins
  2 porcupines
  2 orc warriors (D:7)
  3 ice beasts
  2 phantoms
  A sky beast (D:8)
  A black bear (D:8)
  8 ogres
  2 centaurs
  A big kobold (D:8)
  4 bullfrogs
  5 scorpions
  5 killer bees (D:8)
  5 wights (D:8)
  5 howler monkeys
  5 bullfrog zombies (Ossuary)
  3 centaur zombies
  A quasit (D:5)
  4 orc priests
  3 hounds
  A gnoll shaman (D:5)
  A centaur skeleton (D:8)
  9 mummies (Ossuary)
  An iguana (D:5)
  10 worker ants
  An orc wizard (D:4)
  A killer bee zombie (Ossuary)
  4 hound zombies
  3 hound skeletons
  4 worker ant zombies
  7 gnolls
  11 adders
  3 shadow imps
  3 adder zombies
  3 worms
  A dart slug (D:1)
  9 leopard geckos
  19 orcs
  10 bats
  10 giant cockroaches
  17 goblins
  7 hobgoblins
  19 jackals
  3 quokkas
  2 ball pythons
  8 frilled lizards
  A giant cockroach zombie (Ossuary)
  10 kobolds
  A leopard gecko skeleton (D:7)
  2 leopard gecko zombies (Ossuary)
  A quokka skeleton (D:8)
  2 quokka zombies (D:5)
  6 rats
  A fungus (Lair:2)
272 creatures vanquished.

Notes
Turn   | Place    | Note
-------+----------+-------------------------------------------
     0 | D:1      | Ice the Minotaur Berserker began the quest for the Orb.
     0 | D:1      | Reached XP level 1. HP: 19/19 MP: 0/0
   129 | D:1      | Reached XP level 2. HP: 13/27 MP: 1/1
   455 | D:1      | Reached ** piety under Trog
   773 | D:2      | Reached skill level 5 in Fighting
   773 | D:2      | Reached XP level 3. HP: 36/36 MP: 2/2
  1345 | D:2      | Reached XP level 4. HP: 38/42 MP: 3/3
  1425 | D:2      | Reached *** piety under Trog
  1553 | D:3      | Reached skill level 5 in Maces & Flails
  1696 | D:3      | Reached skill level 3 in Dodging
  1802 | D:3      | Reached XP level 5. HP: 43/48 MP: 4/4
  1978 | D:3      | Found an ancient bone altar of Kikubaaqudgha.
  1978 | D:3      | Found a shadowy altar of Dithmenos.
  2085 | D:3      | Noticed an ogre
  2094 | D:3      | Killed an ogre
  2094 | D:3      | Reached skill level 4 in Dodging
  2113 | D:3      | Reached skill level 5 in Dodging
  2166 | D:3      | Noticed an ogre
  2172 | D:3      | Reached **** piety under Trog
  2185 | D:3      | Killed an ogre
  2185 | D:3      | Reached XP level 6. HP: 45/56 MP: 5/5
  2455 | D:4      | Found a shattered altar of Ashenzari.
  2559 | D:4      | Noticed Eustachio
  2641 | D:4      | Killed Eustachio
  2641 | D:4      | Reached XP level 7. HP: 26/61 MP: 6/6
  2715 | D:4      | Reached skill level 5 in Throwing
  2770 | D:4      | Found a sand-covered staircase.
  2775 | Ossuary  | Entered an ossuary
  2785 | Ossuary  | Received a gift from Trog
  2785 | Ossuary  | Reached skill level 1 in Slings
  2952 | Ossuary  | Reached XP level 8. HP: 54/68 MP: 7/7
  3036 | Ossuary  | Reached skill level 5 in Armour
  3071 | Ossuary  | Reached skill level 1 in Shields
  3105 | Ossuary  | Reached ***** piety under Trog
  3550 | D:4      | Reached skill level 1 in Axes
  3696 | D:5      | Entered Level 5 of the Dungeon
  3720 | D:5      | Found Xylatax's Weapon Emporium.
  3736 | D:5      | Bought 4 needles of frenzy for 19 gold pieces
  3736 | D:5      | Bought 11 poisoned needles for 52 gold pieces
  3759 | D:5      | Reached skill level 1 in Polearms
  3975 | D:5      | Found a staircase to the Ecumenical Temple.
  3984 | Temple   | Entered the Ecumenical Temple
  4459 | D:5      | Reached skill level 5 in Polearms
  4508 | D:5      | Reached skill level 5 in Shields
  4675 | D:5      | Reached skill level 1 in Stealth
  4675 | D:5      | Reached XP level 9. HP: 58/74 MP: 8/8
  5365 | D:6      | Found a stormy altar of Qazlal.
  5469 | D:7      | Found Ciul's Book Shop.
  5490 | D:7      | Reached skill level 5 in Stealth
  5936 | D:7      | Reached skill level 5 in Axes
  6347 | D:8      | Received a gift from Trog
  6427 | D:8      | Reached XP level 10. HP: 36/81 MP: 9/9
  6498 | D:8      | Reached skill level 6 in Dodging
  6748 | D:8      | Found a shimmering altar of Xom.
  6850 | D:8      | Found a staircase to the Lair.
  6887 | D:8      | Reached skill level 7 in Dodging
  7024 | D:8      | Noticed Maurice
  7051 | D:8      | Killed Maurice
  7173 | D:8      | Reached skill level 8 in Dodging
  7400 | Lair:1   | Entered Level 1 of the Lair of Beasts
  7414 | Lair:1   | Noticed a spiny frog
  7420 | Lair:1   | Killed a spiny frog
  7561 | Lair:1   | Reached skill level 9 in Dodging
  8198 | Lair:1   | Received a gift from Trog
  8427 | Lair:2   | Reached skill level 10 in Dodging
  8501 | Lair:2   | Noticed BluefootFox's ghost (novice DsAK)
  8558 | Lair:2   | Killed BluefootFox's ghost
  8673 | Lair:2   | Found a hole to the Spider Nest.
  8673 | Lair:2   | Noticed an orb spider
  8697 | Lair:2   | Reached XP level 11. HP: 60/88 MP: 3/10
  8921 | Lair:2   | Noticed Gastronok
  8949 | Lair:2   | HP: 1/136 [Gastronok/the air (39)]
  8951 | Lair:2   | Mangled by Gastronok

Skill      XL: |  1  2  3  4  5  6  7  8  9 10 11 |
---------------+----------------------------------+-----
Fighting       | 4 5 6 |  6.4
Maces & Flails | 4 5 |  5.0
Dodging        | 3 5 10 | 10.1
Throwing       | 2 4 5 |  5.0
Slings         | 3 |  3.8
Armour         | 4 5 |  5.0
Shields        | 5 |  5.1
Axes           | 1 7 8 |  8.7
Polearms       | 5 |  5.9
Stealth        | 1 5 |  5.1

Action                   |  1- 3 |  4- 6 |  7- 9 | 10-12 || total
-------------------------+-------+-------+-------+-------++-------
Melee: Mace              |    88 |   106 |   131 |       ||   325
       Headbutt          |    12 |    18 |    88 |    47 ||   165
       Spear             |       |       |   140 |   153 ||   293
       War axe           |       |       |    84 |    29 ||   113
       Broad axe         |       |       |       |    54 ||    54
 Fire: Hunting sling     |    29 |    31 |    99 |    36 ||   195
       Blowgun           |       |    33 |    89 |    40 ||   162
Throw: Stone             |    66 |     5 |     5 |     4 ||    80
Invok: Berserk           |       |       |       |     2 ||     2
       Trog's Hand       |       |       |       |     1 ||     1
  Use: Scroll            |       |     4 |    11 |     6 ||    21
       Potion            |       |       |     2 |     4 ||     6
 Stab: Sleeping          |     1 |       |       |       ||     1
  Eat: Chunk             |     1 |     4 |    13 |     3 ||    21
       Pizza             |       |       |       |     2 ||     2
       Beef jerky        |       |       |       |     2 ||     2
Armor: Animal skin       |     1 |       |       |       ||     1
       Scale mail        |    46 |    97 |   116 |       ||   259
       Skin              |       |     2 |       |       ||     2
       Chain mail        |       |       |    22 |    83 ||   105
Dodge: Dodged            |    55 |    86 |   115 |    55 ||   311
Block: Buckler           |       |     6 |       |       ||     6
       Shield            |       |    31 |   161 |    91 ||   283
